AoeStats
← CLAY27

Four Lakes

503251701Analyzed
4v4 RM · 1mo ago on Aug 30, 2026· 26m 37s· 8 players
Game mode
Random Map
Map size
Large (8 player)
Population
200
Speed
Normal
Resources
Standard
Victory
Conquest
Starting age
Dark Age
Ending age
Imperial Age
RankedLock teamsTeams togetherTeam positionsShared explorationLock speedFull tech treeHidden civsTurbo modeCheats
Victory
Defeat
🇺🇸 Italians · United States
1080
+11
🇲🇽 Vietnamese · Mexico
1017
+14
🇵🇪 Lithuanians · Peru
1007
+15
🇺🇸 Armenians · United States
1003
+15
🇩🇪 Slavs · Germany
1021
-16
🇻🇳 Goths · Vietnam
983
-14
🇻🇳 Armenians · Vietnam
949
-13
🇨🇴 Vietnamese · Colombia
947
-12
Dejavu
5:28 Loom
12:00 Feudal Age
16:44 Castle Age
15:15 Man-at-Arms
16:07 Forging
15:57 Scale Mail Armor
16:13 Long Swordsman
17:28 Squires
17:31 Gambesons
18:13 Arson
18:38 Two-Handed Swordsman
21:03 Chain Mail Armor
25:26 Champion
CLAY27
7:53 Loom
10:21 Feudal Age
11:20 Double-Bit Axe
11:19 Horse Collar
18:19 Castle Age
18:12 Stone Mining
18:33 Crossbowman
19:20 Thumb Ring
20:07 Fletching
20:53 Town Watch
21:57 Bodkin Arrow
26:59 Wheelbarrow
26:26 Padded Archer Armor
yzainc
4:55 Loom
12:01 Feudal Age
22:25 Castle Age
21:19 Fletching
21:30 Padded Archer Armor
21:22 Double-Bit Axe
22:51 Crossbowman
23:37 Thumb Ring
NcroTmor
11:55 Feudal Age
12:50 Loom
17:43 Castle Age
16:36 Forging
17:00 Scale Barding Armor
16:46 Double-Bit Axe
16:46 Horse Collar
20:57 Bow Saw
23:02 Iron Casting
23:12 Heavy Plow
26:34 Chain Barding Armor
26:56 Stone Mining
26:58 Gold Mining
Jhoan17
10:29 Feudal Age
14:59 Castle Age
13:09 Double-Bit Axe
14:16 Stone Mining
19:15 Fletching
20:20 Gold Mining
21:23 Padded Archer Armor
24:36 Bow Saw
AnanasGnom43768
11:19 Feudal Age
11:50 Double-Bit Axe
11:49 Horse Collar
19:27 Castle Age
19:11 Forging
20:05 Bloodlines
20:15 Loom
Kennyciu
12:05 Feudal Age
17:50 Castle Age
18:01 Double-Bit Axe
26:26 Anarchy
Holder
10:09 Feudal Age
10:31 Man-at-Arms
11:33 Long Swordsman
14:11 Arson
17:19 Loom
22:35 Castle Age
22:09 Scale Mail Armor
22:20 Forging
22:59 Two-Handed Swordsman
23:26 Gambesons
24:06 Squires
Connection lost

Rejoining the realm…

Still unreachable

The connection could not be restored.

Session expired

The server has moved on; the page needs a fresh start.